Map: 冰雪合金-天梯版

Players

Silky

  • Race: Zerg Zerg
  • League: Master

iGMacSed (MacSed) - Winner!

  • Race: Protoss Protoss

Event: DreamHack SC2 Masters 2020 Summer China

VOD

Have the link to the VOD?

Description

Time

  • Played on: July 2, 2020, 7:12 a.m.
  • Length: 10:43

All games in this series

Show
View Real Time Build Order
Export as new Build Order

Silky Zerg 

Build Orders: Hatch First 

Get SALT Encoding   

  12  0:00  Drone  
  13  0:13  Overlord  
  13  0:17  Drone  
  14  0:31  Drone x2  
  16  0:47  Drone x2  
  18  0:56  Hatchery  
  17  0:57  Drone  
  17  1:01  Extractor  
  17  1:13  Spawning Pool  
  17  1:16  Drone  
  17  1:19  Drone  
  18  1:29  Drone  
  19  1:42  Drone  
  20  1:47  Hatchery  
  19  1:57  Drone  
  20  2:01  Zergling x2  
  20  2:02  Metabolic Boost  
  21  2:10  Queen  
  21  2:13  Drone  
  24  2:23  Queen  
  24  2:27  Overlord  
  26  2:31  Zergling x2  
  26  2:33  Zergling x2  
  28  2:45  Drone x4  
  32  2:51  Queen  
  32  2:58  Zergling x4  
  36  3:02  Drone  
  36  3:04  Drone  
  37  3:08  Drone  
  37  3:11  Zergling x2  
  39  3:15  Drone, Queen  
  42  3:22  Spore Crawler  
  42  3:24  Drone  
  42  3:27  Overlord  
  42  3:32  Spore Crawler  
  41  3:34  Spore Crawler  
  41  3:37  Drone x2  
  41  3:41  Overlord  
  41  3:43  Drone  
  42  3:50  Drone x4  
  42  3:54  Zergling x4  
  48  3:59  Lair  
  48  4:04  Drone  
  48  4:05  Drone  
  48  4:07  Drone  
  51  4:12  Overlord  
  51  4:14  Drone x2  
  52  4:18  Extractor  
  52  4:20  Drone x2, Extractor  
  52  4:29  Drone x5  
  55  4:41  Drone x5, Extractor  
  59  4:46  Roach Warren  
  59  4:52  Drone x2  
  60  4:54  Zergling x2  
  60  4:55  Zergling x6  
  64  5:00  Zergling x2  
  64  5:01  Overlord  
  64  5:03  Overlord  
  65  5:07  Overlord  
  65  5:17  Zergling x2  
  63  5:24  Zergling x12  
  63  5:27  Glial Reconstitution  
  67  5:29  Overlord  
  67  5:31  Roach x5  
  76  5:38  Roach x3  
  76  5:40  Roach  
  82  5:46  Roach x2  
  86  5:50  Overlord  
  86  5:54  Roach x2  
  86  5:56  Overlord  
  90  5:58  Roach  
  92  6:07  Overseer, Roach x3  
  98  6:12  Roach x3  
  103  6:19  Roach x3  
  103  6:21  Roach  
  103  6:24  Roach  
  112  6:28  Overlord  
  112  6:30  Overlord  
  112  6:35  Ravager, Overlord  
  113  6:45  Overlord  
  113  6:48  Ravager x2, Queen  
  113  6:49  Ravager x2  
  113  6:50  Zergling x4  
  113  6:51  Overlord  
  121  6:54  Overseer  
  121  6:55  Roach  
  121  6:57  Ravager  
  121  6:59  Zergling x2  
  121  7:00  Zergling x2  
  125  7:05  Ravager  
  125  7:10  Roach  
  125  7:11  Roach x2  
  127  7:16  Roach  
  127  7:18  Zergling x6  
  127  7:20  Roach  
  118  7:24  Roach  
  118  7:25  Zergling x10  
  118  7:32  Roach, Queen  
  118  7:33  Zergling x2  
  118  7:36  Zergling x2  
  112  7:41  Zergling x2  
  94  7:45  Zergling x2  
  94  7:46  Zergling x2  
  94  7:49  Queen, Spire  
  94  7:50  Drone  
  83  7:55  Drone x2, Extractor  
  78  8:02  Drone  
  76  8:06  Roach x2  
  76  8:10  Queen  
  76  8:12  Roach  
  82  8:16  Roach  
  82  8:17  Roach  
  86  8:20  Roach x3  
  86  8:24  Drone  
  91  8:30  Drone x2  
  91  8:33  Hydralisk Den, Drone  
  91  8:34  Evolution Chamber  
  92  8:38  Drone x5  
  97  8:49  Hatchery  
  97  8:52  Roach  
  97  8:53  Roach  
  100  8:59  Overlord  
  100  9:02  Mutalisk  
  100  9:03  Mutalisk x2  
  100  9:09  Overlord  
  106  9:11  Drone  
  106  9:14  Grooved Spines  
  107  9:20  Hydralisk x2  
  111  9:25  Drone x3  
  111  9:26  Drone x2  
  116  9:32  Drone x4  
  116  9:37  Ravager x2  
  116  9:38  Ravager  
  123  9:39  Hydralisk  
  123  9:40  Hydralisk  
  123  9:43  Roach x3  
  133  9:46  Roach  
  129  9:53  Roach x3  
  128  10:00  Roach x2  
  128  10:05  Roach x3  
  126  10:26  Hatchery  
Show
View Real Time Build Order
Export as new Build Order

iGMacSed Protoss - Winner!

Build Orders: 1 Gate Expand, Oracle Opening, Phoenix Opening, Archon Immortal 

Get SALT Encoding   

  12  0:00  Probe  
  13  0:13  Probe  
  14  0:20  Pylon  
  14  0:25  Probe  
  15  0:34  Probe  
  15  0:42  Probe  
  16  0:44  Gateway  
  17  0:52  Probe  
  17  0:53  Assimilator  
  18  1:04  Probe  
  19  1:16  Probe  
  20  1:26  Nexus  
  20  1:36  Cybernetics Core  
  20  1:39  Probe  
  21  1:46  Assimilator  
  21  1:51  Probe  
  22  1:55  Pylon  
  22  2:03  Probe  
  22  2:04  Adept  
  23  2:15  Probe  
  26  2:18  Stargate  
  26  2:24  Adept  
  26  2:27  Warp Gate, Probe  
  27  2:35  Probe  
  29  2:39  Probe  
  29  2:43  Probe  
  32  2:51  Probe  
  32  2:52  Oracle  
  32  2:53  Probe  
  34  3:03  Probe  
  34  3:05  Probe  
  39  3:11  Pylon  
  39  3:15  Probe  
  39  3:17  Probe  
  39  3:18  Gateway  
  41  3:23  Oracle  
  41  3:27  Probe  
  41  3:29  Probe  
  46  3:40  Probe  
  47  3:41  Probe  
  47  3:45  Pylon  
  47  3:46  Adept  
  50  3:52  Probe  
  50  3:53  Probe  
  52  3:55  Phoenix  
  54  4:04  Probe  
  55  4:11  Probe  
  56  4:23  Probe  
  57  4:24  Nexus  
  57  4:25  Pylon  
  57  4:28  Probe  
  57  4:30  Pylon  
  58  4:36  Probe  
  59  4:39  Twilight Council  
  59  4:40  Probe  
  59  4:41  Forge  
  59  4:42  Assimilator x2  
  56  4:48  Probe  
  56  4:49  Robotics Facility  
  56  4:50  Zealot x2  
  61  4:55  Probe  
  61  4:56  Protoss Ground Weapons Level 1  
  62  5:00  Pylon  
  62  5:06  Charge  
  58  5:25  Zealot  
  58  5:26  Shield Battery, Zealot  
  58  5:28  Immortal  
  62  5:29  Gateway  
  62  5:32  Gateway x2  
  62  5:33  Gateway  
  62  5:34  Gateway  
  65  5:45  Probe x2  
  65  5:46  Probe  
  65  5:49  Templar Archives  
  68  5:54  Pylon  
  68  5:57  Shield Battery, Probe  
  68  5:59  Probe  
  68  6:00  Immortal, Probe  
  68  6:02  Zealot x2  
  75  6:09  Probe  
  76  6:11  Probe  
  76  6:12  Probe  
  82  6:21  Probe  
  81  6:26  Gateway  
  81  6:27  Probe  
  81  6:28  Warp Prism, Probe  
  81  6:30  Assimilator  
  83  6:33  Probe  
  83  6:34  Pylon  
  83  6:35  Assimilator  
  83  6:39  High Templar x3, Probe  
  93  6:46  Archon  
  93  6:47  High Templar  
  93  6:51  Shield Battery  
  93  6:52  Shield Battery  
  95  6:54  Photon Cannon  
  95  6:56  Archon  
  95  6:57  Zealot  
  95  6:58  Zealot x2  
  95  7:00  Immortal  
  101  7:02  Shield Battery  
  97  7:15  Zealot x2  
  97  7:20  Zealot  
  97  7:21  Zealot x3  
  101  7:36  Probe  
  90  7:39  Immortal  
  90  7:43  Zealot x3  
  90  7:44  Zealot x3  
  100  7:46  Probe  
  100  7:48  Probe x2  
  99  7:58  Probe  
  99  8:00  Probe  
  99  8:02  Gateway  
  99  8:04  Gateway x2  
  102  8:07  Gateway, Cybernetics Core  
  102  8:10  High Templar x3  
  107  8:12  High Templar  
  107  8:13  Psionic Storm  
  107  8:19  Probe  
  104  8:21  Pylon  
  104  8:22  Pylon  
  104  8:31  Probe  
  105  8:44  Pylon  
  105  8:46  Observer  
  106  8:49  Nexus  
  106  8:52  Pylon  
  106  8:59  High Templar x2  
  106  9:00  High Templar  
  106  9:01  High Templar, Zealot x5  
  124  9:03  Photon Cannon  
  124  9:05  Photon Cannon  
  124  9:06  Archon  
  124  9:07  Archon  
  124  9:14  Photon Cannon  
  124  9:16  High Templar, Shield Battery  
  126  9:19  High Templar  
  126  9:23  Archon  
  128  9:27  Pylon  
  128  9:28  Pylon  
  128  9:31  Immortal  
  132  9:40  Zealot x4  
  140  9:47  Zealot x5  
  136  9:54  Stargate  
  128  10:11  Photon Cannon  
  131  10:14  High Templar x3  
  131  10:15  Zealot x8  
  131  10:18  Archon  
  143  10:31  Archon  
Tags
 
Add a new tag
Caveats
  • Supply blocks, unpowered buildings, or Contaminate may cause inaccurate times.
  • Supply counts are checked every 10 seconds.